AoeStats
← Un gatito que le gusta el manbo

Nomad

507168165Analyzed
4v4 RM · 16d ago on Sep 16, 2026· 25m 11s· 8 players
Game mode
Random Map
Map size
231×231
Population
200
Speed
Normal
Resources
Standard
Victory
Conquest
Starting age
Dark Age
Ending age
Imperial Age
RankedLock teamsTeams togetherTeam positionsShared explorationLock speedFull tech treeHidden civsTurbo modeCheats
Victory
Defeat
🇲🇽 Romans · Mexico
1535
+16
🇲🇽 Italians · Mexico
1505
+18
🇲🇽 Malians · Mexico
1495
+18
🇨🇴 Koreans · Colombia
1490
+18
🇨🇱 Armenians · Chile
1616
-20
🇨🇱 Jurchens · Chile
1596
-20
🇦🇷 Shu · Argentina
1592
-20
1350
-10
edengr7
14:39 Feudal Age
17:19 Gold Mining
17:15 Double-Bit Axe
19:08 Horse Collar
20:21 Loom
24:34 Fishing Lines
[SotC ]Risck
4:37 Loom
13:14 Feudal Age
18:38 Castle Age
17:37 Stone Mining
18:15 Double-Bit Axe
19:34 Medium Warships
19:43 Bow Saw
THE CID
12:20 Loom
14:38 Feudal Age
18:26 Castle Age
20:29 Double-Bit Axe
22:52 Pikeman
Kanon
5:42 Loom
12:31 Feudal Age
12:35 Man-at-Arms
14:40 Scale Mail Armor
25:11 Fletching
[CL] Libertaria
10:04 Loom
13:03 Feudal Age
15:53 Double-Bit Axe
24:50 Castle Age
24:26 Scale Barding Armor
[CL] el mago del semen
5:05 Loom
13:06 Feudal Age
16:32 Fletching
19:52 Wheelbarrow
19:42 Town Watch
22:56 Castle Age
22:48 Double-Bit Axe
24:43 Fishing Lines
Un gatito que le gusta el manbo
4:34 Loom
13:02 Feudal Age
[CL] Dubstepyzed
8:44 Loom
9:37 Loom
11:56 Feudal Age
13:11 Wheelbarrow
12:23 Double-Bit Axe
15:33 Gold Mining
20:33 Fletching
23:56 Castle Age
24:13 Fishing Lines
24:51 Medium Warships
24:37 Bodkin Arrow
Connection lost

Rejoining the realm…

Still unreachable

The connection could not be restored.

Session expired

The server has moved on; the page needs a fresh start.